 Dungeon Crawl Stone Soup version 0.18-a0-1721-gc4d1f22 (webtiles) character file.

8556 oplop the Blocker (level 11, -12/100 (101) HPs)
             Began as a Minotaur Fighter on Apr 2, 2016.
             Was a High Priest of Okawaru.
             Killed from afar by a fire dragon (31 damage)
             ... with a blast of flame
             ... on level 10 of the Dungeon on Apr 10, 2016.
             The game lasted 00:32:30 (10271 turns).

oplop the Blocker (Minotaur Fighter)               Turns: 10271, Time: 00:32:31

HP:   -12/100 (101) AC: 13    Str: 23    XL:     11   Next: 11%
MP:   17/19         EV: 14    Int:  5    God:    Okawaru [*****.]
Gold: 492           SH: 20    Dex: 17    Spells: 0 memorised, 10 levels left

rFire  . . .     SeeInvis .     a - +1 war axe
rCold  + . .     Gourm    .     V - +2 ring mail {rC+}
rNeg   . . .     Faith    .     c - +0 shield
rPois  .         Spirit   .     (helmet restricted)
rElec  .         Dismiss  .     R - +2 cloak
rCorr  .         Reflect  +     (no gloves)
SustAt .         Harm     .     (no boots)
MR     .....                    Z - +5 amulet of reflection
Stlth  ++........               e - +6 ring of dexterity
                                C - ring of magical power

@: heroism, not resistant to hostile enchantments, unstealthy
A: retaliatory headbutt, horns 2
a: Heroism, Finesse, Renounce Religion


You were on level 10 of the Dungeon.
You worshipped Okawaru.
Okawaru was extremely pleased with you.
You were hungry.

You visited 2 branches of the dungeon, and saw 11 of its levels.
You also visited: Sewer.

You collected 492 gold pieces.

Inventory:

Hand Weapons
 a - a +1 war axe (weapon)
Missiles
 g - 339 stones (quivered)
Armour
 c - a +0 shield (worn)
 R - a +2 cloak (worn)
 V - a +2 ring mail of cold resistance (worn)
Jewellery
 e - a +6 ring of dexterity (right hand)
 n - an uncursed amulet of dismissal
 C - a ring of magical power (left hand)
 Z - a +5 amulet of reflection (around neck)
Wands
 t - a wand of polymorph (0/24)
 E - a wand of acid (8/15)
 Q - a wand of paralysis (17/24)
Scrolls
 h - 5 scrolls of teleportation
 r - 2 scrolls of magic mapping
 v - 3 scrolls of remove curse
 x - 4 scrolls of fear
 y - 2 scrolls of identify
 A - 2 scrolls of recharging
 H - 2 scrolls of immolation
 J - 2 scrolls of enchant weapon
 L - 4 scrolls of amnesia
 Y - 2 scrolls of vulnerability
Potions
 d - 2 potions of might
 i - 3 potions of flight
 j - a potion of ambrosia {unknown}
 k - a potion of cancellation {unknown}
 l - 8 potions of curing {unknown}
 m - 3 potions of mutation {unknown}
 o - 3 potions of lignification {unknown}
 p - a potion of cure mutation {unknown}
 z - a potion of heal wounds {unknown}
 B - 2 potions of brilliance {unknown}
 G - a potion of haste {unknown}
 I - a potion of magic {unknown}
 M - a potion of resistance {unknown}
 P - 2 potions of degeneration {unknown}
 T - 2 potions of berserk rage {unknown}
Books
 O - a book of Fire

   Spells                             Type                      Level
   a - Ignite Poison                  Fire/Transmutation/Poison    3
   b - Fireball                       Conjuration/Fire             5
   c - Bolt of Fire                   Conjuration/Fire             6
   d - Delayed Fireball               Conjuration/Fire             7
   e - Ring of Flames                 Charms/Fire                  7
 S - a book of the Sky

   Spells                             Type                      Level
   a - Summon Lightning Spire         Summoning/Air                4
   b - Airstrike                      Air                          4
   c - Silence                        Hexes/Air                    5
   d - Deflect Missiles               Charms/Air                   6
   e - Conjure Ball Lightning         Conjuration/Air              6
   f - Tornado                        Air                          9
Comestibles
 b - a slice of pizza
 f - 9 bread rations
 s - 8 fruits
 K - 5 meat rations
 N - a beef jerky
 X - 6 chunks of flesh


   Skills:
 - Level 10.5(15.5) Fighting
 + Level 12.0(17.0) Axes
 + Level 7.5(12.5) Armour
 + Level 12.2(17.2) Shields


You had 10 spell levels left.
You didn't know any spells.

Dungeon Overview and Level Annotations

Branches:
Dungeon (10/15)            Temple (1/1) D:7            Lair (0/8) D:10
    Orc (0/2) D:10

Altars:
Ashenzari
Cheibriados
Dithmenos
Elyvilon
Fedhas
Gozag
Kikubaaqudgha
Makhleb
Nemelex Xobeh
Okawaru
Pakellas
Qazlal
Ru
Sif Muna
Trog
Vehumet
Xom
Yredelemnul
Zin
The Shining One


Innate Abilities, Weirdness & Mutations

You reflexively headbutt those who attack you in melee.
You have a pair of horns on your head.


Message History

Evoking this partially-identified wand wasted a few charges.
You gain the combat prowess of a mighty hero.
You feel slightly more hungry. The fire dragon breathes flames at you.
The blast of flame hits you!
You are feeling hungry.
Found a glowing papyrus book.
You slash the fire dragon! Your headbutt misses the fire dragon.
The fire dragon is lightly wounded.
The fire dragon breathes flames at you. The blast of flame hits you!
* * * LOW HITPOINT WARNING * * *
You are too injured to fight recklessly!
You are too injured to fight recklessly!
You are too injured to fight recklessly!
You slash the fire dragon! You headbutt the fire dragon.
The fire dragon is moderately wounded.
The fire dragon breathes flames at you. The blast of flame hits you!
You die...

#.## #.# ####. #.#
##.... #.# ##...## #.#
##.....## #.# ###
#..P....# #.#
#>###.......## #.#
##.##.........##
#.####..##...@D.....:
####.#......†....>.....#
.....#.######.........##
######.### #.........#
........># ##.......##
######^#.# #.......#
######.#.# ##.....##
.....#.#.# ##...##
####.#.#.# #....


You could see a fire dragon.

Vanquished Creatures
  Harold (D:10)
  2 hill giants
  An elephant (D:10)
  Maurice (D:8)
  The ghost of Xenophilius the Spear-Bearer, a novice MfGl (D:5)
  A troll (D:9)
  A two-headed ogre (D:9)
  Prince Ribbit (D:7)
  A spriggan (D:10)
  A wyvern (D:9)
  7 yaks (D:10)
  2 hippogriffs
  A water moccasin (D:9)
  Purgy (Sewer)
  A necrophage (D:7)
  2 orc warriors
  2 ice beasts
  A black bear (D:7)
  A sky beast (D:9)
  2 ogres (D:4)
  3 centaurs
  A crocodile (D:10)
  4 giant frogs
  2 scorpions
  9 killer bees
  4 howler monkeys
  5 electric eels (D:9)
  A crimson imp (D:7)
  3 giant frog zombies
  A centaur zombie (D:7)
  A quasit (D:7)
  2 hounds
  3 orc priests (D:7)
  2 jellies
  A giant frog skeleton (D:9)
  Ijyb (D:2)
  9 orc wizards
  3 iguanas
  5 worker ants
  A sheep (D:10)
  A hound skeleton (D:8)
  A howler monkey skeleton (D:5)
  A worker ant zombie (D:5)
  Robin (D:3)
  10 gnolls
  12 adders
  5 shadow imps
  2 oozes
  2 worms
  3 dart slugs
  3 giant geckos
  32 orcs
  5 ball pythons
  7 giant cockroaches
  13 goblins
  8 hobgoblins
  11 jackals
  5 quokkas
  A ball python skeleton (D:5)
  9 bats
  A giant gecko skeleton (D:8)
  6 giant newts
  8 kobolds
  8 rats
247 creatures vanquished.

Notes
Turn   | Place    | Note
--------------------------------------------------------------
     0 | D:1      | oplop the Minotaur Fighter began the quest for the Orb.
     0 | D:1      | Reached XP level 1. HP: 19/19 MP: 0/0
   288 | D:1      | Reached XP level 2. HP: 27/27 MP: 1/1
   449 | D:1      | Reached XP level 3. HP: 16/33 MP: 2/2
   648 | D:2      | Noticed Ijyb
   674 | D:2      | Killed Ijyb
   674 | D:2      | Reached XP level 4. HP: 20/41 MP: 3/3
  1444 | D:3      | Noticed Robin
  1444 | D:3      | Reached XP level 5. HP: 47/47 MP: 4/4
  1448 | D:3      | Reached skill level 5 in Shields
  1450 | D:3      | Reached skill level 5 in Fighting
  1467 | D:3      | Killed Robin
  1963 | D:4      | Noticed an ogre
  1969 | D:4      | Killed an ogre
  1969 | D:4      | Reached XP level 6. HP: 39/56 MP: 5/5
  1974 | D:4      | Found a glowing drain.
  2032 | Sewer    | Entered a sewer
  2059 | Sewer    | Noticed Purgy
  2075 | Sewer    | Killed Purgy
  2075 | Sewer    | Reached skill level 5 in Axes
  2837 | D:4      | Reached XP level 7. HP: 53/64 MP: 6/6
  3720 | D:4      | Found a shadowy altar of Dithmenos.
  3720 | D:4      | Found an iron altar of Okawaru.
  3721 | D:4      | Found a basalt altar of Yredelemnul.
  3723 | D:4      | Found a stormy altar of Qazlal.
  3724 | D:4      | Found a glowing silver altar of Zin.
  3797 | D:4      | Became a worshipper of Warmaster Okawaru
  3903 | D:5      | Entered Level 5 of the Dungeon
  3998 | D:5      | Noticed Xenophilius's ghost (novice MfGl)
  4015 | D:5      | Killed Xenophilius's ghost
  4015 | D:5      | Reached * piety under Okawaru
  4015 | D:5      | Reached XP level 8. HP: 23/74 MP: 7/7
  4320 | D:5      | Found a white marble altar of Elyvilon.
  4507 | D:5      | Found an opulent altar of Gozag.
  4989 | D:6      | Reached ** piety under Okawaru
  5149 | D:6      | Found a sparkling altar of Nemelex Xobeh.
  5271 | D:6      | Found a sacrificial altar of Ru.
  5326 | D:7      | Noticed Prince Ribbit
  5341 | D:7      | Killed Prince Ribbit
  5345 | D:7      | Reached XP level 9. HP: 45/82 MP: 8/8
  5526 | D:7      | Found a staircase to the Ecumenical Temple.
  5546 | Temple   | Entered the Ecumenical Temple
  5843 | D:7      | Found a shimmering altar of Xom.
  5876 | D:7      | Found a shattered altar of Ashenzari.
  5970 | D:7      | Found a bloodstained altar of Trog.
  5984 | D:7      | Found a radiant altar of Vehumet.
  6167 | D:7      | Reached *** piety under Okawaru
  6949 | D:8      | Noticed Maurice
  7130 | D:8      | Killed Maurice
  7130 | D:8      | Reached skill level 10 in Fighting
  7130 | D:8      | Reached skill level 10 in Shields
  7814 | D:9      | Reached skill level 10 in Axes
  7881 | D:9      | Reached XP level 10. HP: 62/93 MP: 9/9
  7909 | D:9      | Upgraded the game from 0.18-a0-1677-g2bdad6c to 0.18-a0-1721-gc4d1f22
  8237 | D:9      | Noticed a hill giant
  8295 | D:9      | Paralysed by an orc wizard for 4 turns
  8407 | D:9      | Killed a hill giant
  8407 | D:9      | Reached **** piety under Okawaru
  8709 | D:9      | Reached skill level 5 in Armour
  9572 | D:10     | Entered Level 10 of the Dungeon
  9627 | D:10     | Noticed Harold
  9641 | D:10     | Killed Harold
  9910 | D:10     | Noticed an elephant
  9916 | D:10     | Killed an elephant
 10059 | D:10     | Reached ***** piety under Okawaru
 10083 | D:10     | Noticed a hill giant
 10096 | D:10     | Killed a hill giant
 10102 | D:10     | Reached XP level 11. HP: 76/100 MP: 10/10
 10237 | D:10     | Found a staircase to the Orcish Mines.
 10239 | D:10     | Found a staircase to the Lair.
 10264 | D:10     | Noticed a seven-headed hydra
 10266 | D:10     | Noticed a fire dragon
 10266 | D:10     | a seven-headed hydra changed into a fire dragon
 10271 | D:10     | Killed from afar by a fire dragon

Vault maps used:
D:1:      lemuel_arrival_room, minmay_misc_feat_columns
D:2:      uniq_iyjb
D:3:      uniq_robin
D:4:      minitemple, portal_sewer_entry_c, first_bread, grunt_decor_one_mirror
D:5:      old_standard_altar, grunt_gozag_breadcrumbs
D:6:      nemelex_xobeh_ov_fountains_minmay, lemuel_coloured_pillars_altar
D:7:      lemuel_crystal_altar, nicolae_overflow_crystal_walls,
          overflow_temple_1_default, kennysheep_little_box,
          minmay_temple_entry_butterflies, kennysheep_pointless_box,
          uniq_prince_ribbit1
D:8:      uniq_maurice
D:10:     david_lair_generic, orc_0_dummy, the_bakery, uniq_harold
Temple:   minmay_temple_bridge_a_8
Sewer:    sewer_co_purgy_island

Skill      XL: |  1  2  3  4  5  6  7  8  9 10 11 |
---------------+----------------------------------+-----
Axes           | 3 4 5 7 8 10 11 12 | 12.0
Fighting       | 4 5 6 7 9 10 | 10.5
Shields        | 4 5 6 7 9 10 12 | 12.2
Armour         | 7 |  7.5

Action                   |  1- 3 |  4- 6 |  7- 9 | 10-12 || total
-------------------------+-------+-------+-------+-------++-------
Melee: War axe           |    74 |   159 |   318 |   154 ||   705
       Unarmed           |       |       |     9 |       ||     9
Throw: Stone             |       |       |       |     6 ||     6
Invok: Heroism           |       |       |       |     7 ||     7
Evoke: Wand              |       |       |       |     2 ||     2
  Use: Scroll            |       |       |    14 |     3 ||    17
       Potion            |       |       |       |     1 ||     1
  Eat: Chunk             |       |     7 |    12 |     7 ||    26
       Fruit             |       |       |     2 |       ||     2
       Beef jerky        |       |       |     1 |       ||     1
       Pizza             |       |       |       |     1 ||     1
